 Dungeon Crawl Stone Soup version 0.22.0 (webtiles) character file.

2209 Blackhawk the Shield-Bearer (level 9, 0/69 HPs)
             Began as a Formicid Fighter on Oct 24, 2018.
             Was an Initiate of Okawaru.
             Slain by Duvessa
             ... wielding a +0 short sword
              (9 damage)
             ... on level 6 of the Dungeon.
             The game lasted 00:12:52 (5032 turns).

Blackhawk the Shield-Bearer (Formicid Fighter)      Turns: 5032, Time: 00:12:53

Health: 0/69       AC:  9    Str: 28    XL:     9   Next: 60%
Magic:  9/9        EV: 10    Int: 10    God:    Okawaru [......]
Gold:   279        SH: 11    Dex: 10    Spells: 8/8 levels left

rFire    . . .     SeeInvis +   x - +5 falchion of Uranoddu {flame, *Corrode rPois Str+4 Int+2 Stlth+}
rCold    . . .     Gourm    .   c - +0 shield
rNeg     . . .     Faith    +   y - +3 ring mail
rPois    +         Spirit   .   (helmet unavailable)
rElec    .         Reflect  .   (no cloak)
rCorr    .         Harm     .   (no gloves)
MR       .....                  (no boots)
Stlth    ++........             r - amulet of faith
HPRegen  0.21/turn              n - ring of wizardry
MPRegen  0.11/turn              (no ring)

@: no status effects
A: permanent stasis, dig shafts and tunnels, four strong arms, antennae 3
a: Dig, Shaft Self, Renounce Religion


You were on level 6 of the Dungeon.
You worshipped Okawaru.
Okawaru was noncommittal.
You were not hungry.

You visited 2 branches of the dungeon, and saw 7 of its levels.

You collected 279 gold pieces.

Inventory:

Hand Weapons
 a - a +0 flail
 o - a cursed -3 whip
 t - a +1 mace of protection
 x - the +5 falchion of Uranoddu (weapon) {flame, *Corrode rPois Str+4 Int+2 Stlth+}
   (You found it on level 4 of the Dungeon)

   It has been specially enchanted to burn those struck by it, causing extra
   injury to most foes and up to half again as much damage against particularly
   susceptible opponents.
   Big, fiery blades are also staple armaments of hydra-hunters.
   It affects your strength (+4).
   It affects your intelligence (+2).
   It protects you from poison.
   It may corrode you when you take damage.
   It makes you more stealthy.
Missiles
 i - 37 sling bullets
 j - 121 stones (quivered)
Armour
 b - a +0 scale mail
 c - a +0 shield (worn)
 y - a +3 ring mail (worn)
Jewellery
 n - a ring of wizardry (left hand)
 r - an amulet of faith (around neck)
 A - an uncursed amulet of harm {unknown}
Wands
 h - a wand of acid (10)
 m - a wand of polymorph (8)
 u - a wand of paralysis (13)
Scrolls
 g - 4 scrolls of teleportation
 l - a scroll of enchant weapon
 p - 4 scrolls of remove curse
 s - 2 scrolls of magic mapping {unknown}
 w - 3 scrolls of brand weapon {unknown}
 C - a scroll of holy word {unknown}
Potions
 d - a potion of might
 e - 3 potions of curing
 k - 2 potions of resistance
 q - a potion of degeneration {unknown}
 v - a potion of berserk rage
 z - a potion of cancellation {unknown}
Comestibles
 f - 13 rations
 B - 5 chunks of flesh


   Skills:
 - Level 6.1 Fighting
 * Level 6.0 Long Blades
 - Level 4.9 Maces & Flails
 + Level 6.7 Armour
 + Level 2.8 Stealth
 + Level 7.5 Shields


You had 8 spell levels left.
You didn't know any spells.
Your spell library contained the following spells:

 Spells                   Type           Power        Failure   Level  Hunger
 Confuse                  Hex            #.......     61%         3    ####...
 Stone Arrow              Conj/Erth      #.....       61%         3    ####...
 Confusing Touch          Hex            #.....       28%         1    ##.....
 Passwall                 Tmut/Erth      #.......     38%         2    ###....
 Metabolic Englaciation   Hex/Ice        #.........   100%        5    ######.
 Lee's Rapid Deconstruct  Erth           #.........   100%        5    ######.
 Sandblast                Erth           #.....       28%         1    ##.....
 Petrify                  Tmut/Erth      #.......     94%         4    #####..
 Gell's Gravitas          Tloc           #.........   61%         3    ####...
 Yara's Violent Unravell  Hex/Tmut       #.........   100%        5    ######.


Dungeon Overview and Level Annotations

Branches:
Dungeon (6/15)             Temple (1/1) D:5

Altars:
Ashenzari
Cheibriados
Dithmenos
Elyvilon
Fedhas
Gozag
Hepliaklqana
Kikubaaqudgha
Nemelex Xobeh
Okawaru
Qazlal
Ru
Sif Muna
Uskayaw
Vehumet
Wu Jian
Xom
Yredelemnul
The Shining One

Shops:
D:4 :   D:5 *

Annotations:
D:6 Duvessa


Innate Abilities, Weirdness & Mutations

You cannot be hasted, slowed, berserked, paralysed or teleported.
You can dig through walls and to a lower floor.
Your four strong arms can wield two-handed weapons with a shield.
You have a pair of large antennae on your head. (SInv)


Message History

You slash Duvessa! You burn Duvessa.
Duvessa is heavily wounded.
A quokka comes into view.
Duvessa barely misses you.
A bullfrog comes into view.
You block Duvessa's attack.
The bullfrog gives a loud, deep croak!
You hit Duvessa. You burn Duvessa.
Duvessa is severely wounded.
Duvessa hits you with a short sword!
* * * LOW HITPOINT WARNING * * *
You hit Duvessa. You burn Duvessa.
Duvessa is severely wounded.
Duvessa hits you with a short sword!
* * * LOW HITPOINT WARNING * * *
Duvessa hits you but does no damage. You block the shadow imp's attack.
You hit Duvessa. You burn Duvessa.
Duvessa is severely wounded.
Duvessa hits you with a short sword!
You die...

.## ....... ..#
....... ## #..
....... ...
...........
$...###.#........
......$...........
.[......)e...!.(..
#........@5.F...#.
#.................
#..........?....#
#.....r.........#
#...............#
#.............##
##.....#..#####
#.......##
#.....###


You could see Duvessa (berserk), a bullfrog, a shadow imp and a quokka.

Vanquished Creatures
  Pikel (D:3)
  4 yaks (D:4)
  A slave (D:4)
  2 orc warriors
  An ogre (D:4)
  A centaur (D:5)
  2 bullfrogs (D:6)
  A water moccasin zombie (D:5)
  A scorpion (D:5)
  Dowan (D:6)
  A crimson imp (D:5)
  2 hounds
  A bullfrog skeleton (D:4)
  4 worker ants
  2 iguanas
  2 orc wizards
  Robin (D:2)
  8 adders
  An adder skeleton (D:5)
  3 worms
  A dart slug (D:5)
  11 orcs
  10 bats
  3 giant cockroaches
  11 goblins
  10 hobgoblins
  16 jackals
  7 kobolds
  A quokka (D:2)
  3 ball pythons
  4 frilled lizards
  A jackal skeleton (D:5)
  7 rats
125 creatures vanquished.

Vanquished Creatures (others)
  An orc (D:4)
1 creature vanquished.

Grand Total: 126 creatures vanquished

Notes
Turn   | Place    | Note
-------+----------+-------------------------------------------
     0 | D:1      | Blackhawk the Formicid Fighter began the quest for the Orb.
     0 | D:1      | Reached XP level 1. HP: 18/18 MP: 1/1
   132 | D:1      | Reached XP level 2. HP: 24/24 MP: 2/2
   476 | D:2      | Reached skill level 4 in Shields
   476 | D:2      | Reached XP level 3. HP: 29/29 MP: 3/3
   654 | D:2      | Found a faded altar of an unknown god.
   667 | D:2      | Reached XP level 4. HP: 25/37 MP: 4/4
   706 | D:2      | Found a shadowy altar of Dithmenos.
   985 | D:2      | Found a shattered altar of Ashenzari.
  1107 | D:2      | Noticed Robin
  1130 | D:2      | Killed Robin
  1591 | D:2      | Reached XP level 5. HP: 42/42 MP: 5/5
  1707 | D:3      | Found a blossoming altar of Fedhas.
  2239 | D:4      | Reached XP level 6. HP: 41/49 MP: 6/6
  2319 | D:4      | Got a faintly glowing falchion
  2357 | D:4      | Noticed a slave
  2357 | D:4      | Noticed Pikel
  2358 | D:4      | Noticed an orc warrior
  2382 | D:4      | Killed a slave
  2386 | D:4      | Noticed a slave
  2387 | D:4      | Noticed a slave
  2402 | D:4      | Killed an orc warrior
  2402 | D:4      | Reached skill level 5 in Shields
  2408 | D:4      | HP: 2/49 [acid (11)]
  2707 | D:3      | Identified the +5 falchion of Uranoddu {flame, *Corrode rPois Str+4 Int+2 Stlth+} (You found it on level 4 of the Dungeon)
  2717 | D:3      | Killed Pikel
  2717 | D:3      | Reached skill level 5 in Fighting
  2717 | D:3      | Reached skill level 5 in Armour
  2717 | D:3      | Reached XP level 7. HP: 28/56 MP: 7/7
  2717 | D:3      | Reached XP level 8. HP: 31/62 MP: 8/8
  2885 | D:4      | Reached skill level 6 in Shields
  3141 | D:4      | Found Poesit's Book Boutique.
  3459 | D:5      | Entered Level 5 of the Dungeon
  3459 | D:5      | Noticed a yak
  3459 | D:5      | Noticed a yak
  3459 | D:5      | Noticed a yak
  3459 | D:5      | Noticed a yak
  3474 | D:4      | Killed a yak
  3480 | D:4      | Killed a yak
  3485 | D:4      | Killed a yak
  3570 | D:4      | Killed a yak
  3654 | D:4      | Reached XP level 9. HP: 68/69 MP: 9/9
  3782 | D:5      | Found Gila's Assorted Antiques.
  3817 | D:5      | Reached skill level 5 in Long Blades
  3837 | D:5      | Found a staircase to the Ecumenical Temple.
  3931 | D:5      | Reached skill level 7 in Shields
  3978 | Temple   | Entered the Ecumenical Temple
  4228 | Temple   | Became a worshipper of Warmaster Okawaru
  4327 | D:5      | Reached skill level 1 in Stealth
  4479 | D:5      | Found an ancient bone altar of Kikubaaqudgha.
  5013 | D:6      | Noticed Dowan
  5014 | D:6      | Noticed Duvessa
  5023 | D:6      | Killed Dowan
  5032 | D:6      | Slain by Duvessa

Skill      XL: |  1  2  3  4  5  6  7  8  9 |
---------------+----------------------------+-----
Shields        | 4 5 6 7 |  7.5
Fighting       | 4 5 6 |  6.1
Armour         | 4 5 6 |  6.7
Maces & Flails | 3 4 |  4.9
Long Blades    | 2 4 6 |  6.0
Stealth        | 2 |  2.8

Action                   |  1- 3 |  4- 6 |  7- 9 || total
-------------------------+-------+-------+-------++-------
Melee: Flail             |   101 |    97 |       ||   198
       Unarmed           |       |    20 |       ||    20
       Mace              |       |   161 |       ||   161
       Falchion          |       |     6 |   133 ||   139
  Use: Scroll            |       |     4 |       ||     4
       Potion            |       |       |     6 ||     6
 Stab: Sleeping          |       |       |     2 ||     2
       Distracted        |       |       |     1 ||     1
  Eat: Chunk             |       |     7 |     4 ||    11
       Ration            |       |       |     1 ||     1
Armor: Scale mail        |    50 |   149 |     4 ||   203
       Ring mail         |       |       |    32 ||    32
Dodge: Dodged            |    36 |   126 |    41 ||   203
Block: Shield            |    60 |   171 |    68 ||   299
       Rpst.: Falchion   |       |     1 |    15 ||    16
